 Dungeon Crawl Stone Soup version 0.30-a0-578-gdee14c521f (webtiles) character file.

Game seed: 10074630605809342691

49 cforsyth the Trooper (level 3, -2/33 HPs)
             Began as a Ghoul Monk on Dec 31, 2022.
             Slain by Ijyb
             ... wielding a +1 dagger of electrocution
              (5 damage)
             ... on level 3 of the Dungeon.
             The game lasted 00:01:39 (2070 turns).

cforsyth the Trooper (Ghoul Monk)                   Turns: 2070, Time: 00:01:40

Health: -2/33      AC:  2    Str: 16    XL:     3   Next: 77%
Magic:  2/2        EV: 10    Int:  3    God:
Gold:   159        SH:  6    Dex: 11    Spells: 2/2 levels left

rFire   . . .      SeeInvis +      - Unarmed
rCold   + . .      Faith    .    l - +0 kite shield of Indecent Exposure {+Inv rCorr Int-2 SInv}
rNeg    + + +      Spirit   .    a - +0 robe
rPois   ∞          Reflect  .    (no helmet)
rElec   .          Harm     .    (no cloak)
rCorr   +          Rampage  .    (no gloves)
Will    .....                    (no boots)
Stlth   ++                       (no amulet)
HPRegen 0.00/turn                (no ring)
MPRegen 0.08/turn                (no ring)

@: mighty, inhibited regen
A: claws 1, cold resistance 1, negative energy resistance 3, inhibited
regeneration, torment resistance 2, devour on kill
a: Evoke Invisibility


You were on level 3 of the Dungeon.
You visited 1 branch of the dungeon, and saw 3 of its levels.

You collected 159 gold pieces.

Inventory:

Armour
 a - a +0 robe (worn)
 l - the +0 kite shield of Indecent Exposure (worn) {+Inv rCorr Int-2 SInv}
   (You found it on level 3 of the Dungeon)

   Int:       It affects your intelligence (-2).
   SInv:      It lets you see invisible.
   +Inv:      It lets you turn invisible.
   rCorr:     It protects you from acid and corrosion.
Scrolls
 c - a scroll of noise {unknown}
 d - 2 scrolls of poison {unknown}
 e - a scroll of magic mapping {unknown}
 h - 2 scrolls of immolation {unknown}
 j - 2 scrolls of teleportation {unknown}
Potions
 b - a potion of ambrosia
 g - a potion of curing {unknown}
 i - a potion of attraction {unknown}
 k - a potion of brilliance {unknown}


   Skills:
 + Level 3.8 Fighting
 - Level 3.1 Dodging
 - Level 3.0 Stealth
 + Level 0.0 Shields
 + Level 3.8 Unarmed Combat


You had 2 spell levels left.
You didn't know any spells.
Your spell library contained the following spells:

 Spells                   Type           Power      Damage    Failure   Level
 Cigotuvi's Dreadful Rot  Necr/Pois/Air  0%         N/A       98%         2
 Dispel Undead            Necr           0%         3d6       100%        4
 Death Channel            Necr           0%         N/A       100%        6


Dungeon Overview and Level Annotations

Branches:
Dungeon (3/15)

Altars:

Annotations:
D:3 Ijyb


Innate Abilities, Weirdness & Mutations

You are immune to poison.
You have sharp fingernails.
Your flesh is cold resistant. (rC+)
You are immune to negative energy. (rN+++)
You do not regenerate when monsters are visible.
You are immune to unholy pain and torment.
You thrive by killing the living.


Message History

Ijyb is nearby!
Found a book of Dreams.
Ijyb zaps a wand.
Some rock shatters into small pieces.
The now-empty wand crumbles to dust.
Ijyb barely misses you.
You closely miss Ijyb. Ijyb misses you.
Ijyb hits you with a +1 dagger of electrocution.
You completely miss Ijyb.
Ijyb hits you with a +1 dagger of electrocution!
You are electrocuted!
You are too injured to fight recklessly!
You are too injured to fight recklessly!
You are too injured to fight recklessly!
You are too injured to fight recklessly!
You are too injured to fight recklessly!
You are too injured to fight recklessly!
You are too injured to fight recklessly!
You are too injured to fight recklessly!
You are too injured to fight recklessly!
You scratch Ijyb.
Ijyb is lightly wounded.
Ijyb hits you with a +1 dagger of electrocution.
* * * LOW HITPOINT WARNING * * *
You barely miss Ijyb.
Ijyb is lightly wounded.
You block Ijyb's attack.
You barely miss Ijyb.
Ijyb is lightly wounded.
You block Ijyb's attack.
You closely miss Ijyb.
Ijyb is lightly wounded.
Ijyb hits you with a +1 dagger of electrocution.
* * * LOW HITPOINT WARNING * * *
You barely miss Ijyb.
Ijyb is lightly wounded.
Ijyb hits you but does no damage.
Unknown command.
It was a potion of might.
You feel very mighty all of a sudden.
Ijyb hits you with a +1 dagger of electrocution.
You die...

#.... ....> #..........
##......#.#
#....##...#####
#.#...........#
#.#......>..(.#
..########.............#
#......................#
#.g@.....#.........#
###.#....#.........#
.......#.###..######
##....#####..## #....#
##..# #..#.## ##...#
#...#.# ##..### ......:#
#...# ...#.. ##.#.#


You could see Ijyb.

Vanquished Creatures
  2 adders (D:2)
  A worm (D:2)
  5 ball pythons
  3 endoplasms
  A giant cockroach (D:1)
  A goblin (D:1)
  4 hobgoblins
  4 kobolds
  A quokka (D:1)
  A bat (D:1)
  3 frilled lizards
  3 rats (D:1)
29 creatures vanquished.

Notes
Turn   | Place    | Note
-------+----------+-------------------------------------------
     0 | D:1      | cforsyth the Ghoul Monk began the quest for the Orb.
     0 | D:1      | Reached XP level 1. HP: 19/19 MP: 0/0
   108 | D:1      | Reached XP level 2. HP: 20/26 MP: 1/1
   948 | D:2      | Found the +7 staff of the Meek {protect, meekguard}
  1002 | D:2      | Reached XP level 3. HP: 17/33 MP: 2/2
  1921 | D:3      | Found a faded altar of an unknown god.
  1927 | D:3      | Identified the +0 kite shield of Indecent Exposure {+Inv
                  | rCorr Int-2 SInv}
  2058 | D:3      | Noticed Ijyb
  2070 | D:3      | Slain by Ijyb

Illustrated notes

Levels and vault maps discovered:
D:1:      spicycebolla_green_bress_n_ham, layout_basic,
          minmay_misc_feat_nine_boxes
D:2:      layout_basic, skrybe_limestone_x, dk_noncrumbling_2,
          uniq_crazy_yiuf_cottage
D:3:      layout_rooms, okawaru_gym_becter, minitemple, basic_ecumenical_altar,
          dreamdust_princess_corridor, roderic_roman_lattice, uniq_ijyb

Skill      XL: |  1  2  3 |
---------------+----------+-----
Dodging        | 3 |  3.1
Stealth        | 3 |  3.0
Fighting       | |  3.8
Unarmed Combat | |  3.8

Action                   || total
-------------------------++-------
Melee: Unarmed           ||   119
  Use: Potion            ||     1
 Stab: Sleeping          ||     3
Armor: Robe              ||    18
Dodge: Dodged            ||    57
Block: Kite shield       ||     7

Table legend: (Time is in decaauts)
 A = Elapsed time spent in this place.
 B = Non-inter-level travel time spent in this place.
 C = Inter-level travel time spent in this place.
 D = Time resting spent in this place.
 E = Time spent auto-exploring this place.
 F = Levels seen in this place.
 G = Mean time per level.
                   A        B        C        D        E       F      G
               +--------+--------+--------+--------+--------+-----+--------+
         Total |   2065 |   2019 |     46 |      0 |   1769 |   3 |  688.3 |
       Dungeon |   2065 |   2019 |     46 |      0 |   1769 |   3 |  688.3 |
               +--------+--------+--------+--------+--------+-----+--------+

Top non-repeatable levels by time:
     D:2: 1090 daAuts
     D:1: 824 daAuts
     D:3: 150 daAuts
